[Event "ICC tourney 1970 (45 10)"]
[Site "Internet Chess Club"]
[Date "2020.08.22"]
[Round "3"]
[White "Anichess2009"]
[Black "ab4gm"]
[Result "0-1"]
[ICCResult "White resigns"]
[WhiteElo "457"]
[BlackElo "1006"]
[Opening "Giuoco Pianissimo"]
[ECO "C50"]
[NIC "IG.02"]
[Time "16:01:28"]
[TimeControl "2700+10"]

1. e4 e5 2. Nf3 Nc6 3. Bc4 Bc5 4. d3 h6 5. c3 Nf6 6. Be3 Bxe3 7. fxe3 Na5 8.
Bb5 c6 9. Ba4 b5 10. Bc2 d6 11. d4 exd4 12. exd4 Qe7 13. Nbd2 Nc4 14. Nxc4
bxc4 15. Qe2 O-O 16. O-O Bg4 17. h3 Bh5 18. e5 Bg6 19. Bxg6 fxg6 20. Rae1
dxe5 21. dxe5 Nd5 22. Qxc4 Rac8 23. Nd2 Qg5 24. Rxf8+ Rxf8 25. Nf3 Qg3 26.
Qxc6 Nf4 27. Nd2 Nxh3+ 28. Kh1 Qxe1+ 29. Kh2 {White resigns} 0-1

[Event "ICC tourney 1970 (45 10)"]
[Site "Internet Chess Club"]
[Date "2020.08.22"]
[Round "3"]
[White "LittlePawn135"]
[Black "HeSteven"]
[Result "1-0"]
[ICCResult "Black checkmated"]
[WhiteElo "439"]
[BlackElo "819"]
[Opening "Van't Kruijs opening"]
[ECO "A00"]
[Time "16:02:19"]
[TimeControl "2700+10"]

1. e3 e5 2. Nf3 Nc6 3. Bb5 d6 4. d4 Bd7 5. Bxc6 Bxc6 6. dxe5 dxe5 7. Qxd8+
Kxd8 8. Nxe5 Be7 9. Nxf7+ Kc8 10. Nxh8 Bxg2 11. Rg1 Be4 12. Rxg7 Kd7 13. Nc3
Bxc2 14. Bd2 Bf5 15. O-O-O Ke6 16. Nf7 Nf6 17. Ng5+ Ke5 18. Rxe7+ Kd6 19.
Rf7 h6 20. Rxf6+ Ke5 21. Rxh6 Rg8 22. f4# {Black checkmated} 1-0

[Event "ICC tourney 1970 (45 10)"]
[Site "Internet Chess Club"]
[Date "2020.08.22"]
[Round "3"]
[White "lienegu"]
[Black "funstyle"]
[Result "1-0"]
[ICCResult "Black checkmated"]
[WhiteElo "812"]
[BlackElo "1025"]
[Opening "French: advance, Nimzovich system"]
[ECO "C00"]
[NIC "FR.01"]
[Time "16:01:28"]
[TimeControl "2700+10"]

1. e4 e6 2. Nf3 d5 3. e5 c5 4. d4 cxd4 5. Qxd4 Nc6 6. Qd1 Bb4+ 7. c3 Bc5 8.
Be3 Bxe3 9. fxe3 Qc7 10. Be2 Nxe5 11. Nxe5 Qxe5 12. O-O Qxe3+ 13. Kh1 Bd7
14. Bh5 Nf6 15. Na3 O-O 16. Bf3 Ne4 17. Bxe4 Qxe4 18. Re1 Qg6 19. c4 Bc6 20.
cxd5 Bxd5 21. Qc2 f5 22. Rg1 Rac8 23. Qf2 Qf6 24. Qxa7 Qxb2 25. Qe3 Rc3 26.
Qa7 Rxa3 27. Qc5 Qc3 28. Qf2 Qe3 29. Qb2 Rf6 30. Rgc1 Rf8 31. Rc7 Rd3 32.
Qxg7# {Black checkmated} 1-0

[Event "ICC tourney 1970 (45 10)"]
[Site "Internet Chess Club"]
[Date "2020.08.22"]
[Round "3"]
[White "ishban"]
[Black "hasinideepak"]
[Result "1-0"]
[ICCResult "Black checkmated"]
[WhiteElo "1018"]
[BlackElo "333"]
[Opening "Scotch game"]
[ECO "C45"]
[NIC "SO.04"]
[Time "16:01:35"]
[TimeControl "2700+10"]

1. e4 e5 2. Nf3 Nc6 3. d4 exd4 4. Nxd4 Nxd4 5. Qxd4 h6 6. Nc3 Nf6 7. e5 Nh5
8. Be2 g6 9. Bxh5 gxh5 10. e6 Rg8 11. exf7+ Kxf7 12. Be3 c5 13. Qd5+ Kg7 14.
Qxh5 Qf6 15. Ne4 Qxb2 16. Bxh6+ Kh8 17. Bxf8# {Black checkmated} 1-0

[Event "ICC tourney 1970 (45 10)"]
[Site "Internet Chess Club"]
[Date "2020.08.22"]
[Round "3"]
[White "swiecsd"]
[Black "Snowzera"]
[Result "0-1"]
[ICCResult "White resigns"]
[WhiteElo "735"]
[BlackElo "1078"]
[Opening "Sicilian: dragon variation"]
[ECO "B70"]
[NIC "SI.15"]
[Time "16:01:25"]
[TimeControl "2700+10"]

1. e4 c5 2. Nf3 d6 3. d4 cxd4 4. Nxd4 Nf6 5. Nc3 g6 6. Bc4 Bg7 7. O-O O-O 8.
Bf4 Nc6 9. Nb3 Be6 10. Nd5 Nxe4 11. Re1 Bxd5 12. Bxd5 Nc5 13. Nxc5 dxc5 14.
Bxc6 bxc6 15. Qxd8 Raxd8 16. Rxe7 Bxb2 17. Rae1 Bc3 18. Rb1 Bd2 19. Bxd2
Rxd2 20. Rxa7 Rxc2 21. h3 Rc8 22. a4 c4 23. a5 c3 24. a6 Rd2 25. Rc1 c2 26.
Rxc2 Rxc2 27. Rb7 Ra8 28. a7 Kg7 29. Rb8 Rxa7 30. f4 c5 31. g4 c4 32. f5
Ra1+ {White resigns} 0-1

[Event "ICC tourney 1970 (45 10)"]
[Site "Internet Chess Club"]
[Date "2020.08.22"]
[Round "3"]
[White "mithu542"]
[Black "AJRChess2011"]
[Result "0-1"]
[ICCResult "White checkmated"]
[WhiteElo "1092"]
[BlackElo "1179"]
[Opening "Sicilian: accelerated fianchetto, modern variation"]
[ECO "B34"]
[NIC "SI.33"]
[Time "16:01:39"]
[TimeControl "2700+10"]

1. e4 c5 2. Nf3 Nc6 3. d4 cxd4 4. Nxd4 g6 5. Nc3 Bg7 6. Be3 Nf6 7. Qd2 Ng4
8. h3 Nxe3 9. Qxe3 Nxd4 10. O-O-O O-O 11. Bc4 d6 12. Rhe1 e6 13. Ne2 Nxe2+
14. Rxe2 Qh4 15. Rxd6 Bh6 16. Kb1 Bxe3 17. Rxe3 Qxf2 18. Red3 Qxg2 19. Rc3
Qg1+ 20. Bf1 Qxf1+ 21. Rd1 Qxd1# {White checkmated} 0-1

[Event "ICC tourney 1970 (45 10)"]
[Site "Internet Chess Club"]
[Date "2020.08.22"]
[Round "3"]
[White "Tuguldur"]
[Black "hustlficc"]
[Result "0-1"]
[ICCResult "White checkmated"]
[WhiteElo "972"]
[BlackElo "664"]
[Opening "Scotch gambit: Dubois-Réti defense"]
[ECO "C55"]
[NIC "KP.02"]
[Time "16:01:29"]
[TimeControl "2700+10"]

1. e4 e5 2. Nf3 Nc6 3. d4 exd4 4. Bc4 Nf6 5. e5 Nxe5 6. Nxe5 Qe7 7. Qe2 d6
8. Nf3 Qxe2+ 9. Bxe2 Be7 10. Nxd4 O-O 11. Bg5 Re8 12. O-O Nd5 13. Bxe7 Rxe7
14. Re1 Nb4 15. Na3 c5 16. c3 Nd5 17. c4 Nf4 18. Bd3 Rxe1+ 19. Rxe1 Bd7 20.
Be4 cxd4 21. Bxb7 Rb8 22. Nc2 d3 23. g3 Ne6 24. Bd5 dxc2 25. Bxe6 Bxe6 26.
Rc1 Rxb2 27. Kg2 Bf5 28. Re1 g6 29. g4 Be6 30. Kg3 Bxc4 31. Kf3 Rb1 32. Re8+
Kg7 33. Re3 c1=Q 34. Re7 Bd5+ 35. Kg3 Qg1+ 36. Kh4 Qxh2+ 37. Kg5 Qxf2 38. a3
Qf6# {White checkmated} 0-1

[Event "ICC tourney 1970 (45 10)"]
[Site "Internet Chess Club"]
[Date "2020.08.22"]
[Round "3"]
[White "FGMAmaniRapid"]
[Black "MathMonkey"]
[Result "0-1"]
[ICCResult "White resigns"]
[WhiteElo "235"]
[BlackElo "1368"]
[Opening "Grünfeld defense"]
[ECO "D80"]
[NIC "GI.03"]
[Time "16:01:36"]
[TimeControl "2700+10"]

1. c4 Nf6 2. d4 g6 3. Nc3 d5 4. Qa4+ Bd7 5. Qb3 dxc4 6. Qxb7 Bc6 7. Qb4 Qxd4
8. Nb5 Qd7 9. a4 a6 10. Nc3 Qd4 11. e3 Qg4 12. Nf3 Bxf3 13. gxf3 Qxf3 14.
Rg1 Ng4 15. Rg2 Nd7 16. Qxc4 Nde5 17. Qxc7 Nd3+ 18. Bxd3 Qxg2 19. Bxa6 Qxf2+
20. Kd1 Qg1+ 21. Kc2 Qxh2+ 22. Kb1 Qxc7 23. Bb5+ Kd8 24. Nd5 Qc5 {White
resigns} 0-1

[Event "ICC tourney 1970 (45 10)"]
[Site "Internet Chess Club"]
[Date "2020.08.22"]
[Round "3"]
[White "jerryjhzhang"]
[Black "emilyz"]
[Result "1-0"]
[ICCResult "Black checkmated"]
[WhiteElo "825"]
[BlackElo "201"]
[Opening "Ruy Lopez: 5.O-O"]
[ECO "C78"]
[NIC "RL.12"]
[Time "16:02:14"]
[TimeControl "2700+10"]

1. e4 e5 2. Nf3 Nc6 3. Bb5 a6 4. Ba4 Nf6 5. O-O b5 6. Bb3 Bc5 7. a4 Rb8 8.
c3 d6 9. d4 Bb6 10. Na3 Nxe4 11. Re1 Ng5 12. Nxg5 O-O 13. Bc2 Qf6 14. Qh5 h6
15. Nh7 Qe7 16. Nxf8 Qxf8 17. Bf5 Bb7 18. Qg4 Ne7 19. Re3 Qd8 20. Rg3 Nxf5
21. Qxf5 g6 22. Qh3 h5 23. Bh6 Qe8 24. Re1 Bc8 25. Qh4 c6 26. Qxh5 Bf5 27.
Qxf5 Bd8 28. Ree3 Kh8 29. Qh3 bxa4 30. Bg5+ Kg8 31. Bxd8 Rxb2 32. f3 Qxd8
33. Qh6 Qb8 34. Rh3 Rb1+ 35. Kf2 Qb2+ 36. Kg3 f6 37. Qxg6+ Kf8 38. Rh8+ Ke7
39. Qe8# {Black checkmated} 1-0

[Event "ICC tourney 1970 (45 10)"]
[Site "Internet Chess Club"]
[Date "2020.08.22"]
[Round "3"]
[White "bsarvagnya"]
[Black "tundrarules"]
[Result "1-0"]
[ICCResult "Black checkmated"]
[WhiteElo "1166"]
[BlackElo "1019"]
[Opening "Two knights defense"]
[ECO "C57"]
[NIC "KP.01"]
[Time "16:01:33"]
[TimeControl "2700+10"]

1. e4 e5 2. Nf3 Nc6 3. Bc4 Nf6 4. Ng5 d5 5. exd5 Nxd5 6. Qf3 Qf6 7. Bxd5
Qxf3 8. Bxf3 Bd7 9. Bd5 Be6 10. Nxe6 fxe6 11. Bxe6 Nd4 12. Bb3 a5 13. c3 Nc6
14. a4 Bc5 15. O-O Rf8 16. d3 Rd8 17. Be3 Bxe3 18. fxe3 Rxf1+ 19. Kxf1 Rxd3
20. Ke2 Rd6 21. Nd2 Rg6 22. g3 Rh6 23. h4 Rg6 24. Ne4 Rg4 25. Kf3 Rg6 26.
Rf1 Ke7 27. h5 Rh6 28. Kg4 Na7 29. Rf7+ Kd8 30. Rxg7 Rb6 31. Be6 Rxb2 32.
Rxh7 Rb6 33. Kf5 Rc6 34. Rd7+ Ke8 35. Nf6+ Kf8 36. Rf7# {Black checkmated}
1-0

[Event "ICC tourney 1970 (45 10)"]
[Site "Internet Chess Club"]
[Date "2020.08.22"]
[Round "3"]
[White "Alexpnng"]
[Black "RohithRV199"]
[Result "1-0"]
[ICCResult "Black checkmated"]
[WhiteElo "1237"]
[BlackElo "868"]
[Opening "Giuoco Piano"]
[ECO "C50"]
[NIC "IG.02"]
[Time "16:01:24"]
[TimeControl "2700+10"]

1. e4 e5 2. Nf3 Nc6 3. Bc4 Bc5 4. O-O Nf6 5. d3 h6 6. Nc3 O-O 7. Be3 Bb6 8.
Re1 d6 9. h3 Be6 10. Bb3 d5 11. exd5 Nxd5 12. Nxd5 Bxd5 13. Bxb6 axb6 14.
Nxe5 Qg5 15. Bxd5 Nxe5 16. Bxb7 Rad8 17. Qc1 Qf6 18. Qd2 Rfe8 19. d4 Nc4 20.
Rxe8+ Rxe8 21. Qc3 Nd6 22. Bf3 Nb5 23. Qc6 Nd6 24. c3 Qe7 25. Kf1 Nf5 26.
Qc4 Nh4 27. Qe2 Nxf3 28. Qxf3 Qe4 29. Qxe4 Rxe4 30. Re1 Rf4 31. Re7 c6 32.
Rc7 Rf6 33. Ke2 c5 34. dxc5 bxc5 35. Rxc5 Rb6 36. b4 Ra6 37. Ra5 Rc6 38. Ra3
Kh7 39. b5 Rb6 40. Rb3 Kg6 41. a4 Kf5 42. a5 Re6+ 43. Kf3 Rd6 44. g4+ Kg5
45. Kg3 Rd3+ 46. f3 f5 47. gxf5 Kxf5 48. b6 Rd2 49. b7 Kg5 50. b8=Q h5 51.
Qf4+ Kg6 52. Qxd2 h4+ 53. Kg4 Kf7 54. Rb7+ Ke8 55. Qe3+ Kd8 56. Qe7+ Kc8 57.
Qd7# {Black checkmated} 1-0

[Event "ICC tourney 1970 (45 10)"]
[Site "Internet Chess Club"]
[Date "2020.08.22"]
[Round "3"]
[White "JKnapp"]
[Black "piforeveryone"]
[Result "1-0"]
[ICCResult "Black checkmated"]
[WhiteElo "818"]
[BlackElo "969"]
[Opening "Queen's pawn game"]
[ECO "D00"]
[NIC "QP.07"]
[Time "16:01:39"]
[TimeControl "2700+10"]

1. d4 Nf6 2. Nc3 d5 3. Nf3 c5 4. Bg5 Nc6 5. e3 Qb6 6. Bxf6 gxf6 7. g3 Qxb2
8. Nxd5 Bg4 9. Nc7+ Kd8 10. Bg2 Kxc7 11. O-O Rd8 12. Qd2 Bxf3 13. Bxf3 cxd4
14. exd4 Rxd4 15. Qe3 e5 16. Rab1 Qxc2 17. Rfc1 Qg6 18. Qc3 f5 19. Qa5+ Kd7
20. Bxc6+ bxc6 21. Rb7+ Kd6 22. Qc7+ Ke6 23. Rxc6+ Rd6 24. Qc8+ Kd5 25. Rb5+
Ke4 26. Rc4+ Rd4 27. Kg2 f4 28. f3+ Ke3 29. Rb3+ Rd3 30. Re4+ Kd2 31. Rb2+
Kd1 32. Qc2# {Black checkmated} 1-0

[Event "ICC tourney 1970 (45 10)"]
[Site "Internet Chess Club"]
[Date "2020.08.22"]
[Round "3"]
[White "oliver-kc"]
[Black "luckylol3"]
[Result "0-1"]
[ICCResult "White checkmated"]
[WhiteElo "446"]
[BlackElo "950"]
[Opening "QGD: Albin counter-gambit"]
[ECO "D08"]
[NIC "QG.02"]
[Time "16:01:23"]
[TimeControl "2700+10"]

1. d4 d5 2. c4 e5 3. dxe5 d4 4. Nf3 Bb4+ 5. Bd2 Bxd2+ 6. Nbxd2 c5 7. Ne4 b6
8. e3 Nc6 9. exd4 cxd4 10. Nd6+ Kf8 11. Nxd4 Nxe5 12. N4b5 Ba6 13. Qh5 Ng6
14. Qf3 Nf6 15. Be2 Bxb5 16. Nxb5 Ne5 17. Qa3+ Kg8 18. O-O Qf8 19. Qxf8+
Kxf8 20. Rad1 g6 21. Nd6 a6 22. Nb7 Rb8 23. Nd6 Kg7 24. f4 Nc6 25. Bf3 Ne7
26. Ne4 Nxe4 27. Bxe4 Rbd8 28. Rxd8 Rxd8 29. Bf3 Rd2 30. Rb1 Rc2 31. Kf1
Rxc4 32. g3 Rc2 33. Be2 a5 34. Ke1 Nf5 35. Bd3 Rxh2 36. g4 Ng3 37. Kd1 f5
38. g5 Nh5 39. Be2 Nxf4 40. Bf3 Rf2 41. Bb7 Rf1+ 42. Kc2 Rxb1 43. Kxb1 Nh3
44. Kc2 Nxg5 45. Kd3 Kf6 46. Ke3 Ke5 47. Kf2 Kf4 48. Kf1 Ne4 49. Ba6 g5 50.
Be2 g4 51. Kg2 h5 52. Ba6 h4 53. Be2 Ke3 54. Bd1 g3 55. Kg1 f4 56. Kg2 Ng5
57. Bg4 f3+ 58. Kg1 h3 59. Bxh3 Nxh3+ 60. Kf1 g2+ 61. Ke1 g1=Q#
{White checkmated}
0-1

[Event "ICC tourney 1970 (45 10)"]
[Site "Internet Chess Club"]
[Date "2020.08.22"]
[Round "3"]
[White "firelionpro"]
[Black "RockyWang"]
[Result "0-1"]
[ICCResult "White resigns"]
[WhiteElo "834"]
[BlackElo "599"]
[Opening "Ruy Lopez: closed defense"]
[ECO "C87"]
[NIC "RL.13"]
[Time "16:01:28"]
[TimeControl "2700+10"]

1. e4 e5 2. Nf3 Nc6 3. Bb5 a6 4. Ba4 Nf6 5. O-O Be7 6. Re1 O-O 7. Nc3 Bb4 8.
a3 Ba5 9. b4 Bb6 10. Nd5 d6 11. d3 h6 12. Nxf6+ Qxf6 13. c4 Bg4 14. h3 Bxf3
15. gxf3 Nd4 16. Kg2 c5 17. bxc5 Bxc5 18. Be3 b5 19. Bb3 bxc4 20. dxc4 Rfe8
21. Ba4 Re6 22. Bd7 Re7 23. Ba4 Qg6+ 24. Kf1 f5 25. exf5 Qxf5 26. Kg2 Re6
27. Bxd4 Bxd4 28. Kf1 Qxh3+ 29. Ke2 Bxa1 30. Qxa1 Rf6 31. Bc6 Raf8 32. Rh1
Qf5 33. Bd5+ Kh8 34. Qb2 g5 35. Be4 Qf4 36. Qb7 R8f7 37. Qc8+ Kg7 38. Qxa6
g4 39. Rh4 gxf3+ {White resigns} 0-1

[Event "ICC tourney 1970 (45 10)"]
[Site "Internet Chess Club"]
[Date "2020.08.22"]
[Round "3"]
[White "cappyal"]
[Black "eevee11"]
[Result "1-0"]
[ICCResult "Black resigns"]
[WhiteElo "480"]
[BlackElo "673"]
[Opening "Giuoco Piano: four knights variation"]
[ECO "C47"]
[NIC "KP.06"]
[Time "16:01:24"]
[TimeControl "2700+10"]

1. e4 e5 2. Nf3 Nc6 3. Nc3 Nf6 4. Bc4 Bc5 5. a3 O-O 6. O-O d6 7. h3 Nh5 8.
d3 Na5 9. Bg5 Qd7 10. Nh2 Nxc4 11. dxc4 Nf4 12. Bxf4 exf4 13. Rb1 Qe6 14.
Qd3 Qg6 15. Ng4 Bxg4 16. hxg4 Qxg4 17. a4 Rfe8 18. b4 f3 19. Qxf3 Qxf3 20.
gxf3 Bd4 21. Nb5 Bb6 22. a5 a6 23. Nc3 Ba7 24. Nd5 Rac8 25. b5 Bc5 26. bxa6
bxa6 27. Rb7 c6 28. Ne7+ Rxe7 29. Rxe7 d5 30. Re5 Bd6 31. Rf5 dxc4 32. Rd1
Bb4 33. Rb1 Bd6 34. Rb6 g6 35. Rg5 h6 36. Rg4 h5 37. Rg5 Bf4 38. Rc5 Bd2 39.
Rbxc6 Rxc6 40. Rxc6 Bxa5 41. Rxa6 Bd2 42. Rc6 c3 43. Kf1 h4 44. Kg2 Kg7 45.
Kh3 g5 46. Rc8 f6 47. Rb8 Kg6 48. Rc8 Kh5 49. Rf8 Kg6 50. Re8 {Black
resigns} 1-0

[Event "ICC tourney 1970 (45 10)"]
[Site "Internet Chess Club"]
[Date "2020.08.22"]
[Round "3"]
[White "ChezBro"]
[Black "april2012"]
[Result "0-1"]
[ICCResult "White checkmated"]
[WhiteElo "995"]
[BlackElo "926"]
[Opening "Queen's pawn: stonewall attack"]
[ECO "D00"]
[NIC "QP.08"]
[Time "16:01:36"]
[TimeControl "2700+10"]

1. d4 d5 2. e3 Nf6 3. Bd3 Bg4 4. f3 Bh5 5. Ne2 e6 6. O-O c5 7. c3 Nc6 8. Ng3
Bg6 9. Bxg6 hxg6 10. f4 Bd6 11. Nd2 Qc7 12. Nf3 Nh5 13. Qe1 Nxg3 14. Qxg3
O-O-O 15. Ne5 Rh7 16. Bd2 Rdh8 17. h3 Be7 18. Qg4 Nxe5 19. fxe5 Bh4 20. dxc5
Qxe5 21. Qf4 Qxf4 22. Rxf4 f6 23. e4 dxe4 24. Rxe4 e5 25. b4 Rd8 26. Be1
Bxe1 27. Raxe1 Rd2 28. a4 Rc2 29. c4 Rb2 30. b5 Ra2 31. b6 axb6 32. cxb6
Rxa4 33. c5 Rxe4 34. Rxe4 Rh8 35. Rc4 Rd8 36. c6 bxc6 37. Rxc6+ Kb8 38. Rc7
Rd6 39. Rxg7 Rxb6 40. Rxg6 Kc7 41. Kf2 Re6 42. Kf3 Kd6 43. Ke3 Ke7 44. Kf3
Rb6 45. Ke4 Rb4+ 46. Kf5 Rf4# {White checkmated} 0-1

[Event "ICC tourney 1970 (45 10)"]
[Site "Internet Chess Club"]
[Date "2020.08.22"]
[Round "3"]
[White "mimzhang"]
[Black "Alberttheshow"]
[Result "1-0"]
[ICCResult "Black checkmated"]
[WhiteElo "969"]
[BlackElo "542"]
[Opening "Four knights: Ranken variation"]
[ECO "C48"]
[NIC "KP.03"]
[Time "16:01:49"]
[TimeControl "2700+10"]

1. e4 e5 2. Nf3 Nc6 3. Nc3 Nf6 4. Bb5 a6 5. Bxc6 bxc6 6. Nxe5 Bb4 7. O-O O-O
8. d3 Re8 9. Nf3 d5 10. Bg5 h6 11. Bh4 Bg4 12. h3 Bh5 13. Re1 g5 14. Bg3
dxe4 15. dxe4 Qxd1 16. Raxd1 Rad8 17. Rxd8 Rxd8 18. Bxc7 Re8 19. e5 Nd5 20.
Nxd5 cxd5 21. Rd1 Rc8 22. c3 Rxc7 23. cxb4 Rc2 24. Rxd5 Rxb2 25. a3 Ra2 26.
Ra5 Re2 27. g4 Bg6 28. Rxa6 Be4 29. Kg2 Bxf3+ 30. Kxf3 Rxe5 31. Rxh6 Kg7 32.
Ra6 Re8 33. b5 Rb8 34. b6 Rc8 35. b7 Rb8 36. Rb6 Kf8 37. a4 Ke8 38. a5 Kd8
39. a6 Kc7 40. a7 Rxb7 41. a8=Q Rxb6 42. Qa7+ Kc6 43. Qxf7 Kc5 44. Qf5+ Kd6
45. Qxg5 Rb3+ 46. Kg2 Ke6 47. h4 Rb7 48. h5 Rh7 49. Qg6+ Ke7 50. Qxh7+ Kd6
51. g5 Ke5 52. g6 Kd5 53. g7 Kd6 54. g8=Q Ke5 55. Qe7+ Kd4 56. Qgd8+ Kc4 57.
Qec7+ Kb4 58. Qdb8+ Ka4 59. Qca7# {Black checkmated} 1-0

[Event "ICC tourney 1970 (45 10)"]
[Site "Internet Chess Club"]
[Date "2020.08.22"]
[Round "3"]
[White "RoPac"]
[Black "Jaguarking"]
[Result "0-1"]
[ICCResult "White checkmated"]
[WhiteElo "688"]
[BlackElo "1142"]
[Opening "Sicilian: Grand Prix attack"]
[ECO "B23"]
[NIC "SI.44"]
[Time "16:01:29"]
[TimeControl "2700+10"]

1. e4 c5 2. Nc3 Nc6 3. f4 e6 4. Nf3 Nge7 5. Bc4 g6 6. O-O Bg7 7. d3 O-O 8.
Re1 d5 9. Bb3 Nd4 10. Nxd4 Bxd4+ 11. Kh1 b6 12. e5 Bxc3 13. bxc3 b5 14. c4
b4 15. Be3 d4 16. Bf2 Bb7 17. Bh4 Qc7 18. Bxe7 Qxe7 19. a3 a5 20. Qd2 a4 21.
Ba2 Bc6 22. axb4 cxb4 23. Reb1 Rfb8 24. Kg1 b3 25. cxb3 axb3 26. Bxb3 Rxa1
27. Rxa1 Rxb3 28. Qe2 Qb7 29. Qc2 Ba4 30. Qa2 Bc6 31. Qc2 Rb2 32. Qd1 Ba4
33. Qxa4 Qxg2# {White checkmated} 0-1

[Event "ICC tourney 1970 (45 10)"]
[Site "Internet Chess Club"]
[Date "2020.08.22"]
[Round "3"]
[White "sp04"]
[Black "LucasW2014"]
[Result "0-1"]
[ICCResult "White resigns"]
[WhiteElo "1056"]
[BlackElo "771"]
[Opening "QGA, 4.Nc3"]
[ECO "D24"]
[NIC "QG.03"]
[Time "16:01:31"]
[TimeControl "2700+10"]

1. d4 d5 2. c4 dxc4 3. Nc3 Nf6 4. Nf3 Bf5 5. Bg5 h6 6. Bh4 Nc6 7. e3 g5 8.
Bg3 e6 9. Bxc4 Bd6 10. Bxd6 Qxd6 11. Rc1 O-O-O 12. O-O g4 13. Ne5 Nxe5 14.
dxe5 Qxe5 15. Qe2 h5 16. f4 Qc5 17. Rfd1 h4 18. Qf1 h3 19. g3 Qxe3+ 20. Qf2
Qxf2+ 21. Kxf2 Ne4+ 22. Nxe4 Bxe4 23. Re1 Bd5 24. Bxd5 Rxd5 25. Rcd1 Rhd8
26. Ke2 Rxd1 27. Rxd1 Rxd1 28. Kxd1 Kd7 29. Kd2 Kd6 30. Kd3 Kd5 31. b3 c5
32. a4 b6 33. Ke3 f5 34. Kd3 e5 35. Ke3 e4 36. Ke2 c4 37. bxc4+ Kxc4 38. Kd2
Kb4 39. Ke3 Kxa4 40. Kd4 b5 41. Kc3 b4+ 42. Kb2 a5 43. Kc2 b3+ 44. Kc1 Ka3
45. Kb1 b2 46. Kc2 Ka2 {White resigns} 0-1

[Event "ICC tourney 1970 (45 10)"]
[Site "Internet Chess Club"]
[Date "2020.08.22"]
[Round "3"]
[White "arjunbupeshnath"]
[Black "kushagra12"]
[Result "1/2-1/2"]
[ICCResult "Game drawn by mutual agreement"]
[WhiteElo "901"]
[BlackElo "798"]
[Opening "Sicilian: Pelikan (Lasker/Sveshnikov) variation"]
[ECO "B33"]
[NIC "SI.35"]
[Time "16:01:23"]
[TimeControl "2700+10"]

1. e4 c5 2. Nf3 Nc6 3. d4 cxd4 4. Nxd4 Nf6 5. Nc3 e5 6. Nf3 Bb4 7. Bd3 d5 8.
exd5 Bxc3+ 9. bxc3 Qxd5 10. c4 Qd8 11. Qe2 O-O 12. O-O e4 13. Bxe4 Re8 14.
Nd2 Nd4 15. Qd3 Nxe4 16. Nxe4 Bf5 17. Re1 Qa5 18. Bb2 Nc6 19. Qg3 Bg6 20. h4
Rac8 21. Bc3 Qh5 22. Rad1 Qh6 23. Ng5 Ne7 24. Qd6 Bxc2 25. Qxh6 gxh6 26. Rd7
hxg5 27. Rexe7 Rxe7 28. Rxe7 {Game drawn by mutual agreement} 1/2-1/2

[Event "ICC tourney 1970 (45 10)"]
[Site "Internet Chess Club"]
[Date "2020.08.22"]
[Round "3"]
[White "Trex226"]
[Black "DiamondUnicorn"]
[Result "0-1"]
[ICCResult "White checkmated"]
[WhiteElo "730"]
[BlackElo "509"]
[Opening "Queen's gambit declined"]
[ECO "D30"]
[NIC "QP.08"]
[Time "16:01:28"]
[TimeControl "2700+10"]

1. d4 d5 2. c4 e6 3. cxd5 exd5 4. Nc3 Be6 5. Bf4 a6 6. e3 Nf6 7. Nf3 Be7 8.
Bd3 O-O 9. O-O Nbd7 10. Re1 Nb6 11. e4 c6 12. e5 Nfd7 13. Nd2 Re8 14. Qh5
Nf8 15. Re3 Qd7 16. Rg3 Ng6 17. Re1 Bh4 18. Rf3 Bg4 19. Bxg6 Bxh5 20. Bxh5
g6 21. Rh3 gxh5 22. Rxh4 Qf5 23. Bh6 Qc2 24. Rxh5 f5 25. Rg5+ Kf7 26. h3 Rg8
27. Rxg8 Rxg8 28. e6+ Ke7 29. Nf3 Rg6 30. Bf4 Rxe6 31. Rxe6+ Kxe6 32. Ng5+
Ke7 33. Nxh7 Qxb2 34. Bc7 Qxc3 35. Bxb6 Qb2 36. Bc5+ Kf7 37. Ng5+ Kg6 38.
Nf3 Qxa2 39. Ne5+ Kg5 40. g3 Qb1+ 41. Kh2 b5 42. f4+ Kf6 43. Nxc6 Qc2+ 44.
Kh1 Qd1+ 45. Kh2 Qe2+ 46. Kh1 Qf1+ 47. Kh2 Qf2+ 48. Kh1 Qxg3 49. Be7+ Kg6
50. Ne5+ Kh5 51. Nd7 Qxh3+ 52. Kg1 Qg3+ 53. Kh1 Qxf4 54. Nf6+ Kg6 55. Nxd5
Qxd4 56. Nc7 Qe4+ 57. Kg1 Qxe7 58. Nd5 Qc5+ 59. Kh2 Qxd5 60. Kg3 b4 61. Kh3
b3 62. Kg3 b2 63. Kf4 b1=Q 64. Kg3 Qg1+ 65. Kf4 Qe4# {White checkmated} 0-1

[Event "ICC tourney 1970 (45 10)"]
[Site "Internet Chess Club"]
[Date "2020.08.22"]
[Round "3"]
[White "neelansh2489"]
[Black "lucachesschess"]
[Result "0-1"]
[ICCResult "White checkmated"]
[WhiteElo "1065"]
[BlackElo "120"]
[Opening "Budapest: Rubinstein variation"]
[ECO "A52"]
[NIC "QG.01"]
[Time "16:01:25"]
[TimeControl "2700+10"]

1. d4 Nf6 2. c4 e5 3. dxe5 Ng4 4. Bf4 Nc6 5. Nf3 Bb4+ 6. Nc3 Qe7 7. Qd5
Bxc3+ 8. bxc3 Qa3 9. Qd2 Qe7 10. Qd5 Qa3 11. Qd2 Qc5 12. Qd5 Qxf2+ 13. Kd2
Qb6 14. Qb5 Nf2 15. Qxb6 axb6 16. Rg1 Ne4+ 17. Kd3 Nc5+ 18. Kd2 Nb3+ 19.
axb3 Rxa1 20. Nd4 Nxd4 21. cxd4 Ke7 22. d5 d6 23. exd6+ cxd6 24. Be3 b5 25.
Bd4 Ra2+ 26. Kc3 bxc4 27. bxc4 f6 28. e4 Bd7 29. Bd3 Rb8 30. h4 b5 31. Rb1
Ra5 32. Kb4 Ra4+ 33. Kc3 b4+ 34. Kd2 Ra2+ 35. Rb2 b3 36. Kc3 Rxb2 37. Kxb2
g5 38. hxg5 fxg5 39. g3 h5 40. Bf2 Bg4 41. Bf1 Bf3 42. Bd3 Kd7 43. Bf1 Bxe4
44. Be2 g4 45. Bd1 Bf3 46. Bxb3 Bd1 47. Kc3 Bxb3 48. Kd4 Rc8 49. Kc3 Bxc4
50. Kd4 Rc5 51. Kc3 Bxd5+ 52. Bxc5 dxc5 53. Kd3 Ke6 54. Ke3 Ke5 55. Kd3 c4+
56. Kc3 Ke4 57. Kd2 Kf3 58. Ke1 c3 59. Kd1 Kxg3 60. Kc2 h4 61. Kxc3 h3 62.
Kd2 h2 63. Ke2 h1=R 64. Ke3 Be4 65. Ke2 Bd3+ 66. Kd2 Kf2 67. Kc3 Rc1+ 68.
Kd2 g3 69. Kxc1 g2 70. Kd2 g1=R 71. Kxd3 Re1 72. Kd2 Re8 73. Kd3 Re7 74. Kd4
Kf3 75. Kd5 Kf4 76. Kd6 Re1 77. Kd5 Re2 78. Kd6 Kf5 79. Kd7 Kf6 80. Kd8 Kf7
81. Kd7 Rd2+ 82. Kc6 Ke7 83. Kc5 Ke6 84. Kc4 Ke5 85. Kc3 Rd8 86. Kc4 Rd7 87.
Kc3 Ke4 88. Kc2 Ke3 89. Kc1 Rd2 90. Kb1 Kd3 91. Kc1 Rh2 92. Kb1 Kc3 93. Ka1
Kb3 94. Kb1 Rh1# {White checkmated} 0-1